 Dungeon Crawl Stone Soup version 0.31-a0-43-g46d131a48f (console) character file.

Game seed: 4747134415537572430

115 petzl the Sneak (level 5, -6/41 HPs)
             Began as a Formicid Delver on May 18, 2023.
             Was a Follower of Vehumet.
             Mangled by Crazy Yiuf
             ... wielding a +4 quarterstaff of chaos
              (18 damage)
             ... on level 2 of the Dungeon.
             The game lasted 00:10:08 (3054 turns).

petzl the Sneak (Formicid Delver)                   Turns: 3054, Time: 00:10:08

Health: -6/41      AC:  5    Str: 22    XL:     5   Next: 20%
Magic:  10/10      EV: 11    Int: 12    God:    Vehumet [*.....]
Gold:   66         SH:  0    Dex: 15    Spells: 10/11 levels left

rFire   . . .        b - +2 short sword (flame)
rCold   . . .        (no shield)
rNeg    . . .        r - +0 ring mail
rPois   .            (helmet unavailable)
rElec   .            (no cloak)
rCorr   .            (no gloves)
SInv    +            (no boots)
Will    .....        g - amulet of regeneration
Stlth   +++          v - +6 ring of strength
HPRegen 1.06/turn    (no ring)
MPRegen 0.12/turn

%: no passive effects
@: no status effects
A: permanent stasis, dig shafts and tunnels, antennae 3, four strong arms
a: Dig, Shaft Self, Renounce Religion


You were on level 2 of the Dungeon.
You worshipped Vehumet.
Vehumet was aware of your devotion.
You visited 2 branches of the dungeon, and saw 8 of its levels.

You collected 178 gold pieces.
You spent 112 gold pieces at shops.

Inventory:

Hand Weapons
 a - a +0 sling
 b - a +2 short sword of flaming (weapon)
 u - a +0 mace
Armour
 r - a +0 ring mail (worn)
Jewellery
 g - an amulet of regeneration (around neck)
 v - a +6 ring of strength (left hand)
Wands
 f - a wand of digging (9)
Scrolls
 c - a scroll of fog
 d - 2 scrolls of magic mapping
 e - a scroll of fear
 j - 4 scrolls of identify
 k - 2 scrolls of vulnerability
 o - a scroll of silence
 q - 2 scrolls of teleportation {unknown}
Potions
 h - a potion of lignification {unknown}
 i - a potion of mutation {unknown}
 l - a potion of brilliance {unknown}
 m - 3 potions of curing
 n - a potion of might {unknown}
 p - a potion of haste {unknown}
 s - a potion of heal wounds
 t - a potion of resistance {unknown}


   Skills:
 - Level 3.2 Fighting
 - Level 2.0 Maces & Flails
 + Level 1.7 Ranged Weapons
 - Level 1.7 Dodging
 - Level 6.0 Stealth
 + Level 3.5 Spellcasting
 + Level 1.1 Ice Magic


You had 10 spell levels left.
You knew the following spells:

 Your Spells              Type           Power      Damage    Failure   Level
a - Freeze                Ice            16%        1d4       24%         1

Your spell library contained the following spells:

 Spells                   Type           Power      Damage    Failure   Level


Dungeon Overview and Level Annotations

Branches:
Dungeon (7/15)             Temple (1/1) D:5

Altars:
Dithmenos
Elyvilon
Hepliaklqana
Nemelex Xobeh
Okawaru
Qazlal
Sif Muna
Trog
Uskayaw
Vehumet
Wu Jian
Xom
Yredelemnul
Zin

Shops:
D:2 !

Annotations:
D:2 Crazy Yiuf, Sigmund
D:5 exclusions: 2 downstairs, iguana and wyvern
D:6 exclusion: sleepcap


Innate Abilities, Weirdness & Mutations

You cannot be hasted, slowed, berserked, paralysed or teleported.
You can dig through walls and to a lower floor.
You have a pair of large antennae on your head. (SInv)
Your four strong arms can wield two-handed weapons with a shield.


Message History

You kill the bat!
Vehumet accepts your kill. The kobold closely misses you.
The kobold hits you but does no damage.
You shoot a sling bullet. The sling bullet hits the kobold.
The kobold is severely wounded.
The kobold hits you with a +0 short sword.
You shoot a sling bullet.
The sling bullet hits the kobold but does no damage.
The kobold is severely wounded.
The kobold closely misses you.
You shoot a sling bullet. The sling bullet hits the kobold.
You kill the kobold!
Vehumet accepts your kill.
No target in view!
No target in view!
No target in view!
Things that are here:
a +0 short sword; a kobold corpse
Found a hammer.
Found a runed translucent door.
You open the door.
There is an open translucent door here.
Crazy Yiuf shouts!
Your +2 short sword of flaming bursts into flame!
b - a +2 short sword of flaming (weapon)
You closely miss Crazy Yiuf. Crazy Yiuf closely misses you.
You hit Crazy Yiuf. You burn Crazy Yiuf.
Crazy Yiuf is moderately wounded.
Crazy Yiuf hits you with a +4 quarterstaff of chaos!
You barely miss Crazy Yiuf.
Crazy Yiuf is moderately wounded.
Crazy Yiuf yells, "Gnoll agre shrimp!"
Crazy Yiuf hits you with a +4 quarterstaff of chaos!
Crazy Yiuf burns you.
Are you sure you want to shaft yourself?
Crazy Yiuf closely misses you.
You begin to dig a shaft.
You continue digging a shaft.
Crazy Yiuf hits you with a +4 quarterstaff of chaos!
* * * LOW HITPOINT WARNING * * *
You are electrocuted!!
You die...

..# ###..... #.#
###.#..#.# #.#
###.#..#.### #.#
###.#..#.###).
#.##+#.#..#.###....
#.##.#..#.###†...#.
#.†...#.###†..##.##
#.##..###...#..#..#
#######.#################
...................#
............######.#
............# #.####
............# #....#
..########### ####'### .
#....... #######.......
########.#...........
#...##..#.P..........
#.g@'.####)..........
#)..### ##........∩.
##### ####.......
#....... #.......
#....... ########


You could see Crazy Yiuf.

Vanquished Creatures
  3 adders
  3 worms
  3 dart slugs
  4 orcs
  2 endoplasms
  2 giant cockroaches (D:1)
  9 goblins
  8 hobgoblins
  A jackal (D:2)
  3 quokkas (D:2)
  7 ball pythons
  5 bats
  4 frilled lizards
  5 kobolds
  6 rats
65 creatures vanquished.

Notes
Turn   | Place    | Note
-------+----------+-------------------------------------------
     0 | D:5      | petzl the Formicid Delver began the quest for the Orb.
     0 | D:5      | Reached XP level 1. HP: 18/18 MP: 1/1
     7 | Temple   | Entered the Ecumenical Temple
    64 | Temple   | Became a worshipper of Vehumet
   112 | D:6      | Noticed a sleepcap
   123 | D:6      | Noticed a black bear
   151 | D:5      | Noticed a water moccasin
   160 | D:5      | Noticed a wyvern
   174 | D:6      | Noticed a hound
   215 | D:5      | Noticed an iguana
   347 | D:3      | Reached skill level 1 in Spellcasting
   353 | D:3      | Reached XP level 2. HP: 24/24 MP: 2/4
   591 | D:1      | Reached XP level 3. HP: 29/29 MP: 6/6
  1580 | D:2      | Reached XP level 4. HP: 35/35 MP: 8/8
  1609 | D:3      | Found a hide-covered altar of Uskayaw.
  1705 | D:3      | Reached skill level 1 in Ranged Weapons
  1905 | D:3      | Reached * piety under Vehumet
  1905 | D:3      | Offered knowledge of Freeze by Vehumet.
  1908 | D:3      | Learned a level 1 spell: Freeze
  2674 | D:2      | Found Plog's Distillery.
  2680 | D:2      | Bought a potion of curing for 42 gold pieces
  2680 | D:2      | Bought a potion of heal wounds for 70 gold pieces
  2811 | D:2      | Reached XP level 5. HP: 34/41 MP: 10/10
  2884 | D:2      | Reached skill level 1 in Ice Magic
  2942 | D:2      | Noticed Sigmund
  3042 | D:2      | Found a runed translucent door.
  3043 | D:2      | Noticed Crazy Yiuf
  3054 | D:2      | Mangled by Crazy Yiuf

Illustrated notes

Levels and vault maps discovered:
D:1:      dpeg_arrival_rooms_c, layout_basic
D:2:      minmay_razor_zed, layout_basic, serial_shops, shop,
          minmay_misc_feat_secret_circle, uniq_crazy_yiuf_cottage, uniq_sigmund
D:3:      layout_basic, nicolae_uskayaw_dance_hall, minmay_stone_trees_large,
          chequers_big_river
D:4:      layout_loops_corners, evilmike_ruin_ashenzari, serial_shops,
          nicolae_shop_waterfront
D:5:      layout_basic, minmay_temple_entry_crystal_x, portal_sewer_entry_b
D:6:      layout_cave_pools, uniq_edmund
D:7:      nzn_winding_woodlands_medium [nzn_winding_woodlands_5x5_default,
          nzn_winding_woodlands_5x15_lazy_stream,
          nzn_winding_woodlands_5x5_open_star, nzn_winding_woodlands_5x5_three,
          nzn_winding_woodlands_center_lodge,
          nzn_winding_woodlands_5x5_closed_star,
          nzn_winding_woodlands_5x5_cross, nzn_winding_woodlands_5x15_longhouse,
          nzn_winding_woodlands_hourglass], layout_basic, uniq_duvessa
Temple:   dshaligram_water_room_temple

Skill      XL: |  1  2  3  4  5 |
---------------+----------------+-----
Spellcasting   | 1 2 3 |  3.5
Ranged Weapons | 1 |  1.7
Ice Magic      | 1 |  1.1
Fighting       | |  3.2
Maces & Flails | |  2.0
Dodging        | |  1.7
Stealth        | |  6.0

Action                     |  1- 3 |  4- 6 || total
---------------------------+-------+-------++-------
  Melee: Mace              |    86 |    46 ||   132
         Punch             |     1 |     1 ||     2
         Short sword       |       |    13 ||    13
   Fire: Sling             |     5 |    62 ||    67
Ability: Dig               |     1 |       ||     1
         Shaft Self        |       |     1 ||     1
    Use: Scroll            |       |     3 ||     3
   Stab: Sleeping          |     9 |     4 ||    13
 Armour: Leather armour    |    24 |     1 ||    25
         Ring mail         |       |    26 ||    26
  Dodge: Dodged            |    68 |    36 ||   104

Table legend: (Time is in decaauts)
 A = Elapsed time spent in this place.
 B = Non-inter-level travel time spent in this place.
 C = Inter-level travel time spent in this place.
 D = Time resting spent in this place.
 E = Time spent auto-exploring this place.
 F = Levels seen in this place.
 G = Mean time per level.
                   A        B        C        D        E       F      G
               +--------+--------+--------+--------+--------+-----+--------+
         Total |   3127 |   2824 |    303 |     24 |   1837 |   8 |  390.9 |
       Dungeon |   3053 |   2766 |    287 |     24 |   1797 |   7 |  436.1 |
        Temple |     73 |     57 |     16 |      0 |     40 |   1 |   73.0 |
               +--------+--------+--------+--------+--------+-----+--------+

Top non-repeatable levels by time:
     D:3: 1171 daAuts
     D:1: 962 daAuts
     D:2: 710 daAuts
     D:5: 160 daAuts
  Temple: 73 daAuts
     D:6: 35 daAuts
     D:4: 11 daAuts
     D:7: 1 daAuts
